Devils vs Oilers
(R1)
Created - 19 janvier 2015 at 19:03
Goals
|
| Devils |
0 |
1 |
1 |
2 |
| Oilers |
1 |
0 |
0 |
1 |
|
Shots
|
| Devils |
9 |
12 |
10 |
31 |
| Oilers |
6 |
9 |
10 |
25 |
|
1st period
1. Oilers , Peter Regin 8 (Scott Niedermayer, Tyler Kennedy) at 10:23
Penalties :
Rob Scuderi (Edm) for Hooking (Minor) at 6:35, Andy Greene (NJD) for Interference (Minor) at 13:55
2nd period
2. Devils , Maxim Afinogenov 26 (Stephen Weiss, Zach Parise) at 12:22 (PP)
Penalties :
Zach Parise (NJD) for Hooking (Minor) at 1:50, Duncan Keith (Edm) for High sticking (Minor) at 12:11, Zach Bogosian (Edm) for Hooking (Minor) at 13:54
3rd period
3. Devils , Zach Parise 18 (Vincent Lecavalier, Maxim Afinogenov) at 2:26
Penalties :
Jonathan Toews (Edm) for High sticking (Minor) at 5:32, Zach Bogosian (Edm) for Interference (Minor) at 7:42, Tomas Fleischmann (Edm) for High sticking (Minor) at 10:08, Mike Lundin (NJD) for Hooking (Minor) at 12:57
Goalie Stats
Viktor Fasth (NJD), 24 saves from 25 shots - (0,960), W, 22-9-2, 60:00 minutes
Cam Ward (Edm), 29 saves from 31 shots - (0,935), L, 17-16-4, 60:00 minutes
Players Stats for Devils
Player Name G A P +/- PIM S H SB GA TA FO MP PP MP PK MP
------------------------------------------------------------------------------------
Andy Greene 0 0 0 0 2 0 2 0 0 0 0/0 14:18 4:51 0:00
Ben Lovejoy 0 0 0 0 0 0 1 2 1 2 0/0 20:50 4:51 0:45
Brad Ference 0 0 0 0 0 0 2 1 0 1 0/0 20:36 5:15 3:27
Chris Mcallister 0 0 0 0 0 0 0 0 0 0 0/0 8:35 0:00 2:18
Dustin Boyd 0 0 0 -1 0 2 1 0 1 0 1/9 12:28 0:00 0:22
Greg Stewart 0 0 0 0 0 0 0 0 0 0 0/0 7:15 0:06 0:32
Guillaume Latendresse 0 0 0 0 0 3 1 1 0 1 1/2 18:40 5:02 2:58
Jason Arnott 0 0 0 0 0 0 1 0 0 0 0/4 10:43 0:06 3:01
Jay Bouwmeester 0 0 0 0 0 0 0 3 0 0 0/0 28:33 5:15 3:27
Ladislav Nagy 0 0 0 -1 0 4 2 1 1 0 0/0 13:21 0:00 1:26
Maxim Afinogenov 1 1 2 1 0 3 2 0 2 0 2/2 20:34 4:58 0:00
Mike Komisarek 0 0 0 0 0 3 0 0 1 0 0/0 21:45 0:00 2:30
Mike Lundin 0 0 0 0 2 0 2 0 0 0 0/0 14:09 0:00 1:45
Patric Hornqvist 0 0 0 0 0 3 2 1 1 0 1/1 14:51 5:02 0:00
Patrick Eaves 0 0 0 -1 0 2 2 0 0 1 0/0 12:13 0:06 0:00
Stephen Weiss 0 1 1 0 0 1 5 0 0 0 7/13 14:18 4:58 0:00
Vincent Lecavalier 0 1 1 1 0 7 5 0 1 0 13/23 21:14 5:02 1:17
Zach Parise 1 1 2 1 2 3 2 1 0 0 0/3 19:37 4:58 0:00
Players Stats for Oilers
Player Name G A P +/- PIM S H SB GA TA FO MP PP MP PK MP
------------------------------------------------------------------------------------
Christian Ehrhoff 0 0 0 -1 0 1 0 2 1 0 0/0 23:57 2:46 5:00
Duncan Keith 0 0 0 0 2 0 0 1 1 1 0/0 23:43 2:46 5:06
Eric Nystrom 0 0 0 1 0 0 2 0 0 0 0/2 15:45 0:00 5:00
Ian White 0 0 0 -1 0 0 1 3 0 2 0/0 25:50 3:11 5:00
Ilya Kovalchuk 0 0 0 -1 0 3 1 1 0 0 0/2 18:00 3:07 0:17
Jonathan Toews 0 0 0 0 2 4 0 0 1 0 12/18 15:27 3:07 0:17
Olli Jokinen 0 0 0 0 0 0 0 0 0 0 0/0 6:31 0:00 0:00
Patrick Kaleta 0 0 0 1 0 1 0 0 0 0 0/0 11:02 2:50 0:00
Patrick Kane 0 0 0 0 0 5 2 0 0 1 1/1 16:53 3:07 0:00
Pavel Datsyuk 0 0 0 -1 0 5 3 0 1 0 14/24 22:40 2:50 4:49
Peter Regin 1 0 1 1 0 2 2 0 0 1 4/7 15:24 0:00 5:00
Rob Scuderi 0 0 0 0 2 0 3 3 0 3 0/0 20:16 0:00 4:02
Scott Niedermayer 0 1 1 1 0 2 0 0 0 0 0/0 16:19 3:11 1:04
Steve Begin 0 0 0 0 0 0 2 1 0 0 0/0 11:37 0:00 4:49
Tomas Fleischmann 0 0 0 0 2 0 1 0 0 0 1/2 15:03 2:50 0:00
Tyler Kennedy 0 1 1 0 0 0 1 0 0 0 0/0 6:19 0:00 0:00
Wayne Simmonds 0 0 0 -1 0 0 4 0 0 0 0/1 13:51 0:00 0:00
Zach Bogosian 0 0 0 1 4 2 0 0 1 0 0/0 11:11 0:00 0:00
3 Stars
1 - Maxim Afinogenov (NJD)
2 - Viktor Fasth (NJD)
3 - Zach Parise (NJD)
Power Play
Devils - 1 on 6 Attempt(s) - 16,67%
Oilers - 0 on 3 Attempt(s) - 0,00%
Penalty Kill
Devils - 3 on 3 Attempt(s) - 100,00%
- Score 0 goal in Penalty Kill
Oilers - 5 on 6 Attempt(s) - 83,33%
- Score 0 goal in Penalty Kill
Team Stat
Devils - Hits : 30 - Faceoff Wins : 25 - Blocked Shots : 10 - Penalty Minutes : 6
Oilers - Hits : 22 - Faceoff Wins : 32 - Blocked Shots : 11 - Penalty Minutes : 12
Official
Referees : Dwyer Gord and Kimmerly Greg
Linesman : Scott Cherrey and Don Henderson
Game Notes
No Game Note
Finance
Level 1 -- Attendance: 6000 (100,00%) -- Ticket Income 522 000 $
Level 2 -- Attendance: 4714 (94,28%) -- Ticket Income 249 842 $
Level 3 -- Attendance: 1962 (98,10%) -- Ticket Income 62 784 $
Level 4 -- Attendance: 3792 (94,80%) -- Ticket Income 79 632 $
Luxury Box -- Attendance: 1000 (100,00%) -- Ticket Income 162 000 $
Game was played at the Rexall Place'
Total Attendance: 17468 (97,04%)
Total Ticket Income: 1 076 258 $
Other Income: 161 439 $
Total Income: 1 237 697 $
Devils
5 vs 5 Forward
Center Left Wing Right Wing Time % Phy DF OF
1 Vincent Lecavalier Zach Parise Maxim Afinogenov 40 1 2 2
2 Stephen Weiss Guillaume Latendresse Patric Hornqvist 30 1 2 2
3 Dustin Boyd Ladislav Nagy Patrick Eaves 20 1 2 2
4 Jason Arnott Greg Stewart Chris Mcallister 10 1 2 2
5 vs 5 Defense
Defense Defense Time % Phy DF OF
1 Jay Bouwmeester Mike Komisarek 40 1 2 2
2 Ben Lovejoy Mike Lundin 30 1 2 2
3 Brad Ference Andy Greene 20 1 2 2
4 Ben Lovejoy Brad Ference 10 1 2 2
PowerPlay Forward
Center Left Wing Right Wing Time % Phy DF OF
1 Stephen Weiss Zach Parise Maxim Afinogenov 60 0 2 3
2 Vincent Lecavalier Guillaume Latendresse Patric Hornqvist 40 0 2 3
PowerPlay Defense
Defense Defense Time % Phy DF OF
1 Brad Ference Jay Bouwmeester 60 1 2 2
2 Ben Lovejoy Andy Greene 40 1 2 2
Penalty Kill 4 Players Forward
Center Wing Time % Phy DF OF
1 Jason Arnott Guillaume Latendresse 60 1 2 2
2 Vincent Lecavalier Chris Mcallister 40 1 2 2
Penalty Kill 4 Players Defense
Defense Defense Time % Phy DF OF
1 Jay Bouwmeester Brad Ference 60 1 2 2
2 Mike Lundin Mike Komisarek 40 1 2 2
Penalty Kill - 3 Players Forward
Forward Time % Phy DF OF
1 Jason Arnott 60 1 2 2
2 Vincent Lecavalier 40 1 2 2
Penalty Kill - 3 Players Defense
Defense Defense Time % Phy DF OF
1 Jay Bouwmeester Mike Komisarek 60 1 2 2
2 Brad Ference Ben Lovejoy 40 1 2 2
4 vs 4 Forward
Center Wing Time % Phy DF OF
1 Stephen Weiss Ladislav Nagy 60 1 2 2
2 Vincent Lecavalier Guillaume Latendresse 40 1 2 2
4 vs 4 Defense
Defense Defense Time % Phy DF OF
1 Brad Ference Mike Komisarek 60 1 2 2
2 Jay Bouwmeester Mike Lundin 40 1 2 2
Last Minutes Offensive
Center Left Wing Right Wing Defense Defense
Vincent Lecavalier Guillaume Latendresse Maxim Afinogenov Ben Lovejoy Jay Bouwmeester
Last Minutes Defensive
Center Left Wing Right Wing Defense Defense
Jason Arnott Guillaume Latendresse Maxim Afinogenov Mike Komisarek Jay Bouwmeester
Goaltenders
Starting : Viktor Fasth
Backup : Dan Ellis
Extra Forwards
Normal : Jason Arnott, Greg Stewart, Ladislav Nagy - PP : Jason Arnott, Greg Stewart - PK : Ladislav Nagy
Extra Defensemen
Normal : Ben Lovejoy, Mike Komisarek, Andy Greene - PP : Ben Lovejoy - PK : Ben Lovejoy, Mike Lundin
Penalty Shots
Vincent Lecavalier, Maxim Afinogenov, Guillaume Latendresse, Patric Hornqvist, Zach Parise
Oilers
5 vs 5 Forward
Center Left Wing Right Wing Time % Phy DF OF
1 Pavel Datsyuk Ilya Kovalchuk Wayne Simmonds 40 1 1 3
2 Jonathan Toews Tomas Fleischmann Patrick Kane 35 1 1 3
3 Peter Regin Eric Nystrom Patrick Kaleta 20 1 2 2
4 Olli Jokinen Steve Begin Tyler Kennedy 5 1 2 2
5 vs 5 Defense
Defense Defense Time % Phy DF OF
1 Ian White Christian Ehrhoff 35 1 2 2
2 Duncan Keith Rob Scuderi 35 1 2 2
3 Scott Niedermayer Zach Bogosian 20 1 2 2
4 Ian White Scott Niedermayer 10 1 2 2
PowerPlay Forward
Center Left Wing Right Wing Time % Phy DF OF
1 Jonathan Toews Ilya Kovalchuk Patrick Kane 55 1 1 3
2 Pavel Datsyuk Tomas Fleischmann Patrick Kaleta 45 1 1 3
PowerPlay Defense
Defense Defense Time % Phy DF OF
1 Ian White Scott Niedermayer 50 0 2 3
2 Duncan Keith Christian Ehrhoff 50 0 2 3
Penalty Kill 4 Players Forward
Center Wing Time % Phy DF OF
1 Pavel Datsyuk Steve Begin 50 1 3 1
2 Peter Regin Eric Nystrom 50 1 3 1
Penalty Kill 4 Players Defense
Defense Defense Time % Phy DF OF
1 Ian White Christian Ehrhoff 50 1 3 1
2 Duncan Keith Rob Scuderi 50 1 3 1
Penalty Kill - 3 Players Forward
Forward Time % Phy DF OF
1 Pavel Datsyuk 50 1 4 0
2 Ilya Kovalchuk 50 1 4 0
Penalty Kill - 3 Players Defense
Defense Defense Time % Phy DF OF
1 Ian White Christian Ehrhoff 50 1 4 0
2 Duncan Keith Rob Scuderi 50 1 4 0
4 vs 4 Forward
Center Wing Time % Phy DF OF
1 Pavel Datsyuk Ilya Kovalchuk 50 1 2 2
2 Jonathan Toews Patrick Kane 50 1 2 2
4 vs 4 Defense
Defense Defense Time % Phy DF OF
1 Ian White Christian Ehrhoff 50 1 2 2
2 Duncan Keith Scott Niedermayer 50 1 2 2
Last Minutes Offensive
Center Left Wing Right Wing Defense Defense
Pavel Datsyuk Ilya Kovalchuk Patrick Kane Ian White Duncan Keith
Last Minutes Defensive
Center Left Wing Right Wing Defense Defense
Pavel Datsyuk Ilya Kovalchuk Patrick Kane Ian White Duncan Keith
Goaltenders
Starting : Cam Ward
Backup : Sebastien Caron
Extra Forwards
Normal : Patrick Kane, Pavel Datsyuk, Ilya Kovalchuk - PP : Peter Regin, Eric Nystrom - PK : Jonathan Toews
Extra Defensemen
Normal : Duncan Keith, Christian Ehrhoff, Ian White - PP : Zach Bogosian - PK : Scott Niedermayer, Zach Bogosian
Penalty Shots
Ilya Kovalchuk, Patrick Kane, Pavel Datsyuk, Jonathan Toews, Peter Regin
% Time on Ice - Devils
Lines # - Real PCT - Wanted PCT - Time Play
Normal Forward
1 - 35% - 40% - 15:05
2 - 23% - 30% - 9:49
3 - 28% - 20% - 11:55
4 - 14% - 10% - 6:09
Normal Defense
1 - 44% - 40% - 18:56
2 - 31% - 30% - 13:18
3 - 19% - 20% - 8:03
4 - 6% - 10% - 2:41
PP Forward
1 - 50% - 60% - 5:04
2 - 50% - 40% - 5:02
PP Defense
1 - 52% - 60% - 5:15
2 - 48% - 40% - 4:51
PK Forward
1 - 78% - 60% - 4:40
2 - 22% - 40% - 1:17
PK Defense
1 - 58% - 60% - 3:27
2 - 42% - 40% - 2:30
PK3 Forward
1 - 0% - 60%
2 - 0% - 40%
PK3 Defense
1 - 0% - 60%
2 - 0% - 40%
44 Forward
1 - 0% - 60%
2 - 0% - 40%
44 Defense
1 - 0% - 60%
2 - 0% - 40%
Last Minute Offensive - 0:00
Last Minute Defensive - 0:59
Total
Forward - 60:00
Defense - 60:00
|
% Time on Ice - Oilers
Lines # - Real PCT - Wanted PCT - Time Play
Normal Forward
1 - 32% - 40% - 13:51
2 - 32% - 35% - 13:35
3 - 21% - 20% - 9:10
4 - 15% - 5% - 6:19
Normal Defense
1 - 35% - 35% - 15:13
2 - 36% - 35% - 15:32
3 - 24% - 20% - 10:26
4 - 4% - 10% - 1:44
PP Forward
1 - 52% - 55% - 3:07
2 - 48% - 45% - 2:50
PP Defense
1 - 54% - 50% - 3:11
2 - 46% - 50% - 2:46
PK Forward
1 - 48% - 50% - 4:49
2 - 52% - 50% - 5:17
PK Defense
1 - 50% - 50% - 5:00
2 - 50% - 50% - 5:06
PK3 Forward
1 - 0% - 50%
2 - 0% - 50%
PK3 Defense
1 - 0% - 50%
2 - 0% - 50%
44 Forward
1 - 0% - 50%
2 - 0% - 50%
44 Defense
1 - 0% - 50%
2 - 0% - 50%
Last Minute Offensive - 1:02
Last Minute Defensive - 0:00
Total
Forward - 60:00
Defense - 60:00
|
Play by Play
1st period
0:01 of 1st period - Pavel Datsyuk wins face-off versus Zach Parise in neutral zone.
0:04 of 1st period - Slapshot by Ian White.
0:04 of 1st period - Shot Blocked by Jay Bouwmeester.
0:14 of 1st period - Ian White is hit by Vincent Lecavalier and loses puck.
0:55 of 1st period - Wrist shot by Patrick Kane.
0:55 of 1st period - Shot Blocked by Ben Lovejoy.
2:25 of 1st period - Wrist shot by Guillaume Latendresse.
2:25 of 1st period - Stopped by Cam Ward with a rebound.
3:30 of 1st period - Mike Lundin is hit by Patrick Kane.
3:44 of 1st period - Patrick Eaves is hit by Eric Nystrom and loses puck.
3:53 of 1st period - Jay Bouwmeester is hit by Peter Regin and loses puck.
4:10 of 1st period - Slapshot by Ilya Kovalchuk.
4:10 of 1st period - Stopped by Viktor Fasth without a rebound.
4:11 of 1st period - Vincent Lecavalier wins face-off versus Ilya Kovalchuk in Devils zone.
5:23 of 1st period - Slapshot by Maxim Afinogenov.
5:23 of 1st period - Stopped by Cam Ward without a rebound.
5:24 of 1st period - Pavel Datsyuk wins face-off versus Vincent Lecavalier in Oilers zone.
5:24 of 1st period - Pavel Datsyuk is hit by Mike Lundin.
5:31 of 1st period - Icing by Pavel Datsyuk.
5:32 of 1st period - Vincent Lecavalier wins face-off versus Ilya Kovalchuk in Oilers zone.
5:51 of 1st period - Snap shot by Ilya Kovalchuk.
5:51 of 1st period - Shot Misses the Net.
5:53 of 1st period - Slapshot by Rob Scuderi.
5:53 of 1st period - Shot Blocked by Brad Ference.
5:55 of 1st period - Slapshot by Duncan Keith.
5:55 of 1st period - Deflect By Pavel Datsyuk.
5:55 of 1st period - Stopped by Viktor Fasth without a rebound.
5:56 of 1st period - Stephen Weiss wins face-off versus Jonathan Toews in Devils zone.
6:32 of 1st period - Slapshot by Mike Komisarek.
6:32 of 1st period - Stopped by Cam Ward without a rebound.
6:33 of 1st period - Jonathan Toews wins face-off versus Vincent Lecavalier in Oilers zone.
6:35 of 1st period - Minor Penalty to Rob Scuderi for Hooking.
6:36 of 1st period - Maxim Afinogenov wins face-off versus Pavel Datsyuk in Oilers zone.
6:38 of 1st period - Snap shot by Zach Parise.
6:38 of 1st period - Shot Misses the Net.
6:40 of 1st period - Slapshot by Jay Bouwmeester.
6:40 of 1st period - Shot Misses the Net.
6:42 of 1st period - Backhand shot by Zach Parise.
6:42 of 1st period - Shot Blocked by Steve Begin.
7:26 of 1st period - Snap shot by Vincent Lecavalier.
7:26 of 1st period - Shot Misses the Net.
7:40 of 1st period - Snap shot by Vincent Lecavalier.
7:40 of 1st period - Stopped by Cam Ward without a rebound.
7:41 of 1st period - Stephen Weiss wins face-off versus Peter Regin in Oilers zone.
7:53 of 1st period - Icing by Ben Lovejoy.
7:54 of 1st period - Stephen Weiss wins face-off versus Pavel Datsyuk in Devils zone.
8:24 of 1st period - Jay Bouwmeester is hit by Steve Begin.
8:35 of 1st period - Penalty to Rob Scuderi is over, Rob Scuderi is back on ice.
8:41 of 1st period - Icing by Ian White.
8:42 of 1st period - Dustin Boyd wins face-off versus Peter Regin in Oilers zone.
9:47 of 1st period - Pavel Datsyuk is hit by Stephen Weiss and loses puck.
10:21 of 1st period - Slapshot by Scott Niedermayer.
10:21 of 1st period - Shot Misses the Net.
10:23 of 1st period - Slapshot by Peter Regin.
10:23 of 1st period - Goal by Peter Regin - Devils : 0 - Oilers : 1.
10:24 of 1st period - Pavel Datsyuk wins face-off versus Vincent Lecavalier in neutral zone.
10:37 of 1st period - Wrist shot by Ilya Kovalchuk.
10:37 of 1st period - Shot Misses the Net.
10:57 of 1st period - Off-side.
10:58 of 1st period - Jonathan Toews wins face-off versus Vincent Lecavalier in neutral zone.
11:13 of 1st period - Backhand shot by Maxim Afinogenov.
11:13 of 1st period - Shot Misses the Net.
11:23 of 1st period - Jay Bouwmeester is hit by Ilya Kovalchuk and loses puck.
11:30 of 1st period - Wrist shot by Ilya Kovalchuk.
11:30 of 1st period - Stopped by Viktor Fasth without a rebound.
11:31 of 1st period - Vincent Lecavalier wins face-off versus Pavel Datsyuk in Devils zone.
11:36 of 1st period - Backhand shot by Vincent Lecavalier.
11:36 of 1st period - Shot Blocked by Rob Scuderi.
11:38 of 1st period - Snap shot by Maxim Afinogenov.
11:38 of 1st period - Stopped by Cam Ward without a rebound.
11:39 of 1st period - Pavel Datsyuk wins face-off versus Vincent Lecavalier in Oilers zone.
11:50 of 1st period - Snap shot by Vincent Lecavalier.
11:50 of 1st period - Stopped by Cam Ward without a rebound.
11:51 of 1st period - Pavel Datsyuk wins face-off versus Vincent Lecavalier in Oilers zone.
12:06 of 1st period - Snap shot by Pavel Datsyuk.
12:06 of 1st period - Stopped by Viktor Fasth without a rebound.
12:07 of 1st period - Jonathan Toews wins face-off versus Stephen Weiss in Devils zone.
12:32 of 1st period - Mike Lundin is hit by Pavel Datsyuk and loses puck.
12:51 of 1st period - Wrist shot by Ladislav Nagy.
12:51 of 1st period - Stopped by Cam Ward with a rebound.
13:33 of 1st period - Patric Hornqvist is hit by Wayne Simmonds and loses puck.
13:55 of 1st period - Minor Penalty to Andy Greene for Interference.
13:56 of 1st period - Jonathan Toews wins face-off versus Jason Arnott in Devils zone.
14:00 of 1st period - Snap shot by Patrick Kane.
14:00 of 1st period - Stopped by Viktor Fasth with a rebound.
14:02 of 1st period - Wrist shot by Ilya Kovalchuk.
14:02 of 1st period - Shot Misses the Net.
15:55 of 1st period - Penalty to Andy Greene is over, Andy Greene is back on ice.
16:11 of 1st period - Wrist shot by Vincent Lecavalier.
16:11 of 1st period - Shot Misses the Net.
16:59 of 1st period - Zach Bogosian is hit by Mike Lundin and loses puck.
17:14 of 1st period - Steve Begin is hit by Stephen Weiss and loses puck.
17:25 of 1st period - Snap shot by Zach Parise.
17:25 of 1st period - Stopped by Cam Ward with a rebound.
17:27 of 1st period - Slapshot by Mike Komisarek.
17:27 of 1st period - Shot Blocked by Ian White.
17:29 of 1st period - Wrist shot by Maxim Afinogenov.
17:29 of 1st period - Shot Blocked by Ian White.
17:41 of 1st period - Patrick Kaleta is hit by Patrick Eaves and loses puck.
17:58 of 1st period - Tomas Fleischmann is hit by Guillaume Latendresse and loses puck.
18:25 of 1st period - Rob Scuderi is hit by Maxim Afinogenov and loses puck.
18:42 of 1st period - Patrick Kaleta is hit by Brad Ference.
19:42 of 1st period - Eric Nystrom is hit by Brad Ference and loses puck.
19:49 of 1st period - Wrist shot by Dustin Boyd.
19:49 of 1st period - Deflect By Ladislav Nagy.
19:49 of 1st period - Stopped by Cam Ward without a rebound.
19:50 of 1st period - Tomas Fleischmann wins face-off versus Zach Parise in Oilers zone.
19:55 of 1st period - Christian Ehrhoff is hit by Vincent Lecavalier.
Goals for this period are 0 for Devils vs 1 for Oilers.
Shots for this period are 9 for Devils vs 6 for Oilers.
2nd period
0:01 of 2nd period - Pavel Datsyuk wins face-off versus Vincent Lecavalier in neutral zone.
0:04 of 2nd period - Mike Komisarek is hit by Pavel Datsyuk and loses puck.
0:25 of 2nd period - Christian Ehrhoff is hit by Stephen Weiss and loses puck.
0:41 of 2nd period - Icing by Jay Bouwmeester.
0:42 of 2nd period - Peter Regin wins face-off versus Stephen Weiss in Devils zone.
1:04 of 2nd period - Icing by Mike Komisarek.
1:05 of 2nd period - Stephen Weiss wins face-off versus Jonathan Toews in Devils zone.
1:31 of 2nd period - Off-side.
1:32 of 2nd period - Pavel Datsyuk wins face-off versus Dustin Boyd in neutral zone.
1:47 of 2nd period - Backhand shot by Pavel Datsyuk.
1:47 of 2nd period - Stopped by Viktor Fasth without a rebound.
1:48 of 2nd period - Vincent Lecavalier wins face-off versus Tomas Fleischmann in Devils zone.
1:50 of 2nd period - Minor Penalty to Zach Parise for Hooking.
1:51 of 2nd period - Jonathan Toews wins face-off versus Guillaume Latendresse in Devils zone.
2:05 of 2nd period - Slapshot by Christian Ehrhoff.
2:05 of 2nd period - Stopped by Viktor Fasth with a rebound.
2:57 of 2nd period - Wrist shot by Vincent Lecavalier.
2:57 of 2nd period - Shot Blocked by Christian Ehrhoff.
3:19 of 2nd period - Ladislav Nagy is hit by Tomas Fleischmann and loses puck.
3:50 of 2nd period - Penalty to Zach Parise is over, Zach Parise is back on ice.
3:56 of 2nd period - Steve Begin is hit by Vincent Lecavalier and loses puck.
4:17 of 2nd period - Off-side.
4:18 of 2nd period - Peter Regin wins face-off versus Dustin Boyd in neutral zone.
4:33 of 2nd period - Christian Ehrhoff is hit by Patrick Eaves and loses puck.
4:48 of 2nd period - Ladislav Nagy is hit by Peter Regin and loses puck.
4:55 of 2nd period - Patrick Kane is hit by Ladislav Nagy.
4:59 of 2nd period - Slapshot by Christian Ehrhoff.
4:59 of 2nd period - Shot Blocked by Ladislav Nagy.
5:07 of 2nd period - Snap shot by Ladislav Nagy.
5:07 of 2nd period - Shot Blocked by Rob Scuderi.
5:19 of 2nd period - Dustin Boyd is hit by Rob Scuderi and loses puck.
5:26 of 2nd period - Snap shot by Andy Greene.
5:26 of 2nd period - Shot Blocked by Rob Scuderi.
5:28 of 2nd period - Backhand shot by Ladislav Nagy.
5:28 of 2nd period - Shot Misses the Net.
5:30 of 2nd period - Slapshot by Ladislav Nagy.
5:30 of 2nd period - Stopped by Cam Ward without a rebound.
5:31 of 2nd period - Vincent Lecavalier wins face-off versus Pavel Datsyuk in Oilers zone.
8:05 of 2nd period - Snap shot by Patric Hornqvist.
8:05 of 2nd period - Stopped by Cam Ward without a rebound.
8:06 of 2nd period - Guillaume Latendresse wins face-off versus Eric Nystrom in Oilers zone.
8:15 of 2nd period - Snap shot by Mike Komisarek.
8:15 of 2nd period - Stopped by Cam Ward with a rebound.
8:21 of 2nd period - Wrist shot by Peter Regin.
8:21 of 2nd period - Shot Blocked by Patric Hornqvist.
10:16 of 2nd period - Icing by Mike Komisarek.
10:17 of 2nd period - Pavel Datsyuk wins face-off versus Dustin Boyd in Devils zone.
10:22 of 2nd period - Wrist shot by Pavel Datsyuk.
10:22 of 2nd period - Stopped by Viktor Fasth with a rebound.
10:30 of 2nd period - Wrist shot by Pavel Datsyuk.
10:30 of 2nd period - Stopped by Viktor Fasth without a rebound.
10:31 of 2nd period - Jonathan Toews wins face-off versus Vincent Lecavalier in Devils zone.
10:36 of 2nd period - Wrist shot by Jonathan Toews.
10:36 of 2nd period - Stopped by Viktor Fasth without a rebound.
10:37 of 2nd period - Maxim Afinogenov wins face-off versus Jonathan Toews in Devils zone.
10:37 of 2nd period - Maxim Afinogenov is hit by Patrick Kane.
11:15 of 2nd period - Ben Lovejoy is hit by Ian White and loses puck.
11:34 of 2nd period - Wrist shot by Patrick Eaves.
11:34 of 2nd period - Stopped by Cam Ward without a rebound.
11:35 of 2nd period - Vincent Lecavalier wins face-off versus Jonathan Toews in Oilers zone.
11:44 of 2nd period - Snap shot by Vincent Lecavalier.
11:44 of 2nd period - Stopped by Cam Ward without a rebound.
11:45 of 2nd period - Jonathan Toews wins face-off versus Vincent Lecavalier in Oilers zone.
11:56 of 2nd period - Snap shot by Jonathan Toews.
11:56 of 2nd period - Stopped by Viktor Fasth with a rebound.
12:11 of 2nd period - Minor Penalty to Duncan Keith for High sticking.
12:12 of 2nd period - Stephen Weiss wins face-off versus Peter Regin in Oilers zone.
12:22 of 2nd period - Wrist shot by Stephen Weiss.
12:22 of 2nd period - Deflect By Maxim Afinogenov.
12:22 of 2nd period - Goal by Maxim Afinogenov - Devils : 1 - Oilers : 1.
12:23 of 2nd period - Vincent Lecavalier wins face-off versus Pavel Datsyuk in neutral zone.
12:38 of 2nd period - Snap shot by Vincent Lecavalier.
12:38 of 2nd period - Stopped by Cam Ward without a rebound.
12:39 of 2nd period - Jonathan Toews wins face-off versus Stephen Weiss in Oilers zone.
12:43 of 2nd period - Off-side.
12:44 of 2nd period - Patrick Kane wins face-off versus Stephen Weiss in neutral zone.
12:49 of 2nd period - Wrist shot by Christian Ehrhoff.
12:49 of 2nd period - Deflect By Tomas Fleischmann.
12:49 of 2nd period - Shot Misses the Net.
12:49 of 2nd period - Puck is out of play.
12:50 of 2nd period - Vincent Lecavalier wins face-off versus Wayne Simmonds in Devils zone.
12:50 of 2nd period - Vincent Lecavalier is hit by Wayne Simmonds.
13:20 of 2nd period - Slapshot by Patrick Kane.
13:20 of 2nd period - Stopped by Viktor Fasth with a rebound.
13:22 of 2nd period - Snap shot by Tomas Fleischmann.
13:22 of 2nd period - Shot Misses the Net.
13:54 of 2nd period - Minor Penalty to Zach Bogosian for Hooking.
13:55 of 2nd period - Peter Regin wins face-off versus Stephen Weiss in Oilers zone.
14:13 of 2nd period - Peter Regin is hit by Stephen Weiss.
14:29 of 2nd period - Snap shot by Patric Hornqvist.
14:29 of 2nd period - Stopped by Cam Ward without a rebound.
14:30 of 2nd period - Pavel Datsyuk wins face-off versus Zach Parise in Oilers zone.
15:30 of 2nd period - Wrist shot by Guillaume Latendresse.
15:30 of 2nd period - Stopped by Cam Ward with a rebound.
15:54 of 2nd period - Penalty to Zach Bogosian is over, Zach Bogosian is back on ice.
16:08 of 2nd period - Slapshot by Guillaume Latendresse.
16:08 of 2nd period - Stopped by Cam Ward with a rebound.
16:10 of 2nd period - Snap shot by Andy Greene.
16:10 of 2nd period - Shot Blocked by Duncan Keith.
16:34 of 2nd period - Snap shot by Patric Hornqvist.
16:34 of 2nd period - Stopped by Cam Ward without a rebound.
16:35 of 2nd period - Pavel Datsyuk wins face-off versus Dustin Boyd in Oilers zone.
16:42 of 2nd period - Wrist shot by Patrick Eaves.
16:42 of 2nd period - Stopped by Cam Ward with a rebound.
17:38 of 2nd period - Mike Lundin is hit by Pavel Datsyuk and loses puck.
18:11 of 2nd period - Zach Bogosian is hit by Jason Arnott and loses puck.
18:29 of 2nd period - Slapshot by Scott Niedermayer.
18:29 of 2nd period - Deflect By Stephen Weiss.
18:29 of 2nd period - Stopped by Viktor Fasth without a rebound.
18:30 of 2nd period - Pavel Datsyuk wins face-off versus Jason Arnott in Devils zone.
18:57 of 2nd period - Steve Begin is hit by Zach Parise.
19:05 of 2nd period - Slapshot by Tyler Kennedy.
19:05 of 2nd period - Shot Blocked by Ben Lovejoy.
19:45 of 2nd period - Snap shot by Jonathan Toews.
19:45 of 2nd period - Stopped by Viktor Fasth with a rebound.
Goals for this period are 1 for Devils vs 0 for Oilers.
Shots for this period are 12 for Devils vs 9 for Oilers.
3rd period
0:01 of 3rd period - Vincent Lecavalier wins face-off versus Pavel Datsyuk in neutral zone.
0:22 of 3rd period - Ilya Kovalchuk is hit by Zach Parise.
0:34 of 3rd period - Snap shot by Vincent Lecavalier.
0:34 of 3rd period - Stopped by Cam Ward with a rebound.
0:36 of 3rd period - Slapshot by Mike Komisarek.
0:36 of 3rd period - Shot Blocked by Ian White.
0:38 of 3rd period - Wrist shot by Zach Parise.
0:38 of 3rd period - Stopped by Cam Ward with a rebound.
0:50 of 3rd period - Wrist shot by Vincent Lecavalier.
0:50 of 3rd period - Stopped by Cam Ward with a rebound.
0:56 of 3rd period - Slapshot by Vincent Lecavalier.
0:56 of 3rd period - Shot Blocked by Ilya Kovalchuk.
0:58 of 3rd period - Snap shot by Zach Parise.
0:58 of 3rd period - Shot Blocked by Christian Ehrhoff.
1:00 of 3rd period - Snap shot by Vincent Lecavalier.
1:00 of 3rd period - Stopped by Cam Ward with a rebound.
1:02 of 3rd period - Slapshot by Mike Komisarek.
1:02 of 3rd period - Stopped by Cam Ward with a rebound.
1:04 of 3rd period - Slapshot by Vincent Lecavalier.
1:04 of 3rd period - Deflect By Ilya Kovalchuk.
1:04 of 3rd period - Shot Misses the Net.
1:04 of 3rd period - Puck is out of play.
1:05 of 3rd period - Patric Hornqvist wins face-off versus Jonathan Toews in Oilers zone.
1:32 of 3rd period - Snap shot by Dustin Boyd.
1:32 of 3rd period - Stopped by Cam Ward without a rebound.
1:33 of 3rd period - Peter Regin wins face-off versus Dustin Boyd in Oilers zone.
1:51 of 3rd period - Snap shot by Dustin Boyd.
1:51 of 3rd period - Shot Misses the Net.
2:08 of 3rd period - Snap shot by Peter Regin.
2:08 of 3rd period - Shot Misses the Net.
2:10 of 3rd period - Slapshot by Patrick Kaleta.
2:10 of 3rd period - Stopped by Viktor Fasth without a rebound.
2:11 of 3rd period - Vincent Lecavalier wins face-off versus Pavel Datsyuk in Devils zone.
2:24 of 3rd period - Backhand shot by Zach Parise.
2:24 of 3rd period - Shot Misses the Net.
2:26 of 3rd period - Slapshot by Zach Parise.
2:26 of 3rd period - Goal by Zach Parise - Devils : 2 - Oilers : 1.
2:27 of 3rd period - Vincent Lecavalier wins face-off versus Pavel Datsyuk in neutral zone.
2:52 of 3rd period - Ian White is hit by Stephen Weiss and loses puck.
3:11 of 3rd period - Snap shot by Dustin Boyd.
3:11 of 3rd period - Stopped by Cam Ward with a rebound.
3:39 of 3rd period - Jason Arnott is hit by Tyler Kennedy and loses puck.
4:07 of 3rd period - Zach Parise is hit by Wayne Simmonds.
5:32 of 3rd period - Minor Penalty to Jonathan Toews for High sticking.
5:33 of 3rd period - Stephen Weiss wins face-off versus Pavel Datsyuk in Oilers zone.
5:45 of 3rd period - Snap shot by Stephen Weiss.
5:45 of 3rd period - Stopped by Cam Ward without a rebound.
5:46 of 3rd period - Stephen Weiss wins face-off versus Pavel Datsyuk in Oilers zone.
5:49 of 3rd period - Snap shot by Zach Parise.
5:49 of 3rd period - Shot Misses the Net.
6:11 of 3rd period - Ian White is hit by Vincent Lecavalier and loses puck.
7:32 of 3rd period - Penalty to Jonathan Toews is over, Jonathan Toews is back on ice.
7:42 of 3rd period - Minor Penalty to Zach Bogosian for Interference.
7:43 of 3rd period - Vincent Lecavalier wins face-off versus Eric Nystrom in Oilers zone.
9:42 of 3rd period - Penalty to Zach Bogosian is over, Zach Bogosian is back on ice.
9:46 of 3rd period - Jonathan Toews is hit by Andy Greene and loses puck.
9:53 of 3rd period - Slapshot by Zach Bogosian.
9:53 of 3rd period - Stopped by Viktor Fasth without a rebound.
9:54 of 3rd period - Jonathan Toews wins face-off versus Dustin Boyd in Devils zone.
9:59 of 3rd period - Wrist shot by Jonathan Toews.
9:59 of 3rd period - Deflect By Patrick Kane.
9:59 of 3rd period - Stopped by Viktor Fasth without a rebound.
10:00 of 3rd period - Jonathan Toews wins face-off versus Dustin Boyd in Devils zone.
10:08 of 3rd period - Minor Penalty to Tomas Fleischmann for High sticking.
10:09 of 3rd period - Pavel Datsyuk wins face-off versus Stephen Weiss in Oilers zone.
10:34 of 3rd period - Guillaume Latendresse is hit by Steve Begin and loses puck.
10:41 of 3rd period - Steve Begin is hit by Ben Lovejoy and loses puck.
11:02 of 3rd period - Steve Begin is hit by Patric Hornqvist and loses puck.
11:29 of 3rd period - Ian White is hit by Vincent Lecavalier and loses puck.
12:08 of 3rd period - Penalty to Tomas Fleischmann is over, Tomas Fleischmann is back on ice.
12:08 of 3rd period - Steve Begin is hit by Patric Hornqvist and loses puck.
12:24 of 3rd period - Steve Begin is hit by Dustin Boyd and loses puck.
12:41 of 3rd period - Wrist shot by Patrick Kane.
12:41 of 3rd period - Stopped by Viktor Fasth without a rebound.
12:42 of 3rd period - Jonathan Toews wins face-off versus Jason Arnott in Devils zone.
12:43 of 3rd period - Wrist shot by Patrick Kane.
12:43 of 3rd period - Shot Misses the Net.
12:45 of 3rd period - Wrist shot by Jonathan Toews.
12:45 of 3rd period - Shot Misses the Net.
12:47 of 3rd period - Snap shot by Scott Niedermayer.
12:47 of 3rd period - Stopped by Viktor Fasth with a rebound.
12:49 of 3rd period - Wrist shot by Tomas Fleischmann.
12:49 of 3rd period - Shot Misses the Net.
12:51 of 3rd period - Wrist shot by Patrick Kane.
12:51 of 3rd period - Stopped by Viktor Fasth with a rebound.
12:57 of 3rd period - Minor Penalty to Mike Lundin for Hooking.
12:58 of 3rd period - Jonathan Toews wins face-off versus Jason Arnott in Devils zone.
12:59 of 3rd period - Slapshot by Patrick Kane.
12:59 of 3rd period - Shot Blocked by Jay Bouwmeester.
13:01 of 3rd period - Slapshot by Christian Ehrhoff.
13:01 of 3rd period - Shot Blocked by Jay Bouwmeester.
13:03 of 3rd period - Wrist shot by Duncan Keith.
13:03 of 3rd period - Shot Misses the Net.
13:05 of 3rd period - Wrist shot by Jonathan Toews.
13:05 of 3rd period - Stopped by Viktor Fasth with a rebound.
13:07 of 3rd period - Slapshot by Christian Ehrhoff.
13:07 of 3rd period - Shot Blocked by Guillaume Latendresse.
14:57 of 3rd period - Penalty to Mike Lundin is over, Mike Lundin is back on ice.
15:08 of 3rd period - Ian White is hit by Maxim Afinogenov and loses puck.
15:29 of 3rd period - Steve Begin is hit by Andy Greene and loses puck.
16:02 of 3rd period - Vincent Lecavalier is hit by Rob Scuderi and loses puck.
16:24 of 3rd period - Off-side.
16:25 of 3rd period - Pavel Datsyuk wins face-off versus Dustin Boyd in neutral zone.
16:36 of 3rd period - Wrist shot by Peter Regin.
16:36 of 3rd period - Stopped by Viktor Fasth with a rebound.
16:38 of 3rd period - Slapshot by Zach Bogosian.
16:38 of 3rd period - Deflect By Dustin Boyd.
16:38 of 3rd period - Stopped by Viktor Fasth without a rebound.
16:39 of 3rd period - Pavel Datsyuk wins face-off versus Vincent Lecavalier in Devils zone.
16:42 of 3rd period - Wrist shot by Pavel Datsyuk.
16:42 of 3rd period - Shot Blocked by Zach Parise.
16:53 of 3rd period - Maxim Afinogenov is hit by Wayne Simmonds and loses puck.
17:06 of 3rd period - Brad Ference is hit by Eric Nystrom and loses puck.
17:15 of 3rd period - Wrist shot by Ladislav Nagy.
17:15 of 3rd period - Stopped by Cam Ward without a rebound.
17:16 of 3rd period - Vincent Lecavalier wins face-off versus Jonathan Toews in Oilers zone.
17:43 of 3rd period - Eric Nystrom is hit by Ladislav Nagy and loses puck.
18:06 of 3rd period - Wrist shot by Ilya Kovalchuk.
18:06 of 3rd period - Stopped by Viktor Fasth with a rebound.
18:12 of 3rd period - Slapshot by Ladislav Nagy.
18:12 of 3rd period - Shot Misses the Net.
19:14 of 3rd period - Maxim Afinogenov is hit by Rob Scuderi and loses puck.
19:23 of 3rd period - Slapshot by Maxim Afinogenov.
19:23 of 3rd period - Shot Misses the Net.
Goals for this period are 1 for Devils vs 0 for Oilers.
Shots for this period are 10 for Devils vs 10 for Oilers.
Output by the SimonT Hockey Simulator (STHS) for François Prévost -- Original Page W3C XHTML 1.0 Valid